Map: Fracture LE

Players

UnSeeNKilleR

  • Race: Zerg Zerg
  • League: Diamond
  • Spawn Location: 5:00

Stropheum - Winner!

  • Race: Zerg Zerg
  • League: Diamond
  • Spawn Location: 11:00

VOD

Have the link to the VOD?

Description

Time

  • Played on: Sept. 7, 2018, 10:11 p.m.
  • Length: 19:55
Show
View Real Time Build Order
Export as new Build Order

UnSeeNKilleR Zerg 

Build Orders: Pool First, Zergling Baneling 

Get SALT Encoding   

  12  0:02  Drone  
  13  0:13  Drone  
  14  0:26  Spawning Pool  
  13  0:29  Drone  
  13  0:35  Extractor  
  13  0:39  Overlord  
  13  0:43  Drone  
  14  1:00  Drone  
  15  1:13  Zergling x2  
  15  1:14  Zergling x4, Queen  
  20  1:25  Zergling x2  
  21  1:35  Zergling x2  
  21  1:37  Metabolic Boost  
  22  1:59  Baneling Nest  
  22  2:01  Drone  
  22  2:14  Hatchery  
  21  2:17  Drone  
  17  2:45  Zergling x8  
  17  2:46  Zergling x2  
  22  2:59  Overlord  
  22  3:04  Overlord  
  22  3:16  Baneling  
  20  3:24  Zergling x6  
  20  3:26  Zergling x2  
  23  3:40  Baneling  
  23  3:41  Baneling x2  
  23  3:43  Zergling x10  
  27  4:03  Zergling x2  
  27  4:04  Zergling x8  
  31  4:21  Baneling x4  
  30  4:26  Drone  
  30  4:27  Drone x2  
  30  4:28  Drone  
  29  4:47  Drone x4  
  28  5:01  Zergling x8  
  29  5:08  Spine Crawler  
  28  5:14  Zergling x6  
  28  5:17  Zergling x2  
  32  5:26  Baneling x6  
  32  5:30  Baneling x2  
  32  5:34  Drone x2  
  34  5:36  Drone  
  35  5:47  Baneling x4  
  35  5:49  Drone  
  36  5:50  Overlord  
  32  6:16  Zergling x2  
  32  6:17  Zergling x4  
  31  6:34  Zergling x16  
  31  6:35  Zergling x2  
  40  6:45  Drone x2  
  42  6:49  Spine Crawler  
  42  6:52  Spine Crawler  
  39  6:55  Drone x3, Evolution Chamber  
  39  6:56  Drone  
  39  6:57  Queen  
  39  6:58  Evolution Chamber  
  43  7:01  Overlord x2  
  43  7:09  Baneling  
  43  7:12  Drone  
  44  7:19  Queen  
  44  7:21  Drone x2  
  38  7:48  Zerg Melee Weapons Level 1  
  38  7:49  Drone x2  
  38  7:50  Drone x3  
  42  7:51  Spine Crawler  
  41  7:58  Zergling x2  
  41  8:03  Extractor  
  41  8:15  Drone x3  
  41  8:16  Extractor  
  41  8:19  Drone  
  44  8:22  Baneling x2  
  41  8:51  Zergling x2  
  41  8:52  Zergling x18  
  41  8:53  Zerg Ground Armor Level 1  
  51  8:58  Zergling x2  
  52  9:04  Lair  
  52  9:07  Extractor, Drone x2  
  53  9:15  Drone  
  53  9:16  Overlord x2  
  53  9:17  Overlord  
  53  9:39  Spore Crawler  
  53  9:40  Drone x3  
  53  9:41  Hatchery, Drone x2  
  53  9:42  Drone  
  50  9:57  Baneling x2  
  50  9:58  Baneling x7  
  50  10:01  Drone x3  
  50  10:02  Overlord  
  50  10:03  Overlord  
  53  10:12  Spore Crawler  
  53  10:13  Spire  
  51  10:21  Zergling x16  
  52  10:26  Zergling x2  
  52  10:27  Hatchery  
  58  10:35  Zergling x6  
  57  10:36  Zergling x2  
  57  10:37  Zerg Melee Weapons Level 2  
  58  10:43  Drone x2  
  58  10:48  Baneling  
  58  10:49  Baneling x2  
  60  10:56  Drone x2  
  60  10:57  Drone x3  
  65  11:02  Spore Crawler  
  65  11:03  Baneling x2  
  57  11:04  Spore Crawler  
  57  11:09  Zerg Ground Armor Level 2  
  56  11:15  Infestation Pit  
  56  11:16  Drone x7  
  62  11:22  Spine Crawler x2  
  62  11:23  Spine Crawler  
  58  11:28  Spine Crawler  
  57  11:35  Spore Crawler  
  56  11:40  Drone x3  
  56  11:41  Drone  
  56  11:42  Spore Crawler  
  56  11:43  Spore Crawler  
  56  11:49  Spore Crawler  
  56  11:51  Spore Crawler  
  56  11:52  Spore Crawler  
  50  11:56  Drone x2  
  50  11:57  Drone  
  53  12:03  Spore Crawler  
  53  12:04  Drone x2  
  53  12:07  Spore Crawler  
  53  12:08  Pathogen Glands  
  53  12:11  Burrow  
  53  12:15  Drone x2  
  55  12:16  Drone  
  55  12:18  Extractor  
  55  12:19  Extractor, Drone  
  55  12:21  Drone  
  55  12:22  Drone  
  57  12:24  Drone  
  57  12:26  Drone  
  57  12:27  Drone  
  60  12:32  Zerg Flyer Armor Level 1  
  60  12:39  Drone x2  
  60  12:40  Drone  
  60  12:43  Spore Crawler  
  62  12:46  Drone x2  
  64  12:52  Infestor x3  
  64  12:54  Infestor  
  64  12:58  Infestor  
  72  13:01  Infestor  
  72  13:04  Infestor  
  78  13:07  Infestor  
  80  13:16  Queen  
  82  13:21  Overlord x2  
  82  13:35  Hive  
  82  13:42  Unknown x2  
  82  13:44  Infestor x7  
  82  13:49  Mutalisk x3  
  82  13:50  Mutalisk x3  
  77  14:40  Mutalisk  
  79  14:47  Hydralisk Den  
  79  14:52  Zerg Melee Weapons Level 3  
  78  14:53  Zerg Ground Armor Level 3, Ultralisk Cavern  
  71  15:27  Overlord x3  
  71  15:36  Grooved Spines  
  71  15:42  Hatchery  
  64  15:47  Hydralisk x3  
  64  15:48  Hydralisk x12  
  94  15:57  Spore Crawler  
  94  15:58  Drone x8  
  94  15:59  Drone x5  
  94  16:00  Spore Crawler  
  105  16:08  Zergling x2  
  105  16:09  Zergling x18  
  115  16:13  Chitinous Plating  
  115  16:21  Ultralisk  
  121  16:30  Ultralisk  
  126  16:40  Baneling x12  
  126  16:41  Baneling, Ultralisk  
  118  17:03  Ultralisk  
  123  17:11  Ultralisk  
  93  17:33  Ultralisk  
  97  17:38  Hydralisk x3  
  97  17:39  Hydralisk  
  97  17:43  Zergling x10  
  97  17:44  Zergling x6  
  110  17:45  Hydralisk  
  106  18:11  Hatchery  
  100  18:28  Hatchery, Hydralisk x3  
  88  18:40  Hydralisk x2  
  84  18:55  Hydralisk x3  
Show
View Real Time Build Order
Export as new Build Order

Stropheum Zerg - Winner!

Build Orders: Hatch First 

Get SALT Encoding   

  12  0:01  Drone  
  13  0:13  Overlord  
  13  0:17  Drone  
  14  0:31  Drone x2  
  14  0:35  Drone  
  17  0:54  Hatchery  
  16  0:58  Drone  
  16  0:59  Drone  
  18  1:13  Extractor  
  18  1:16  Spawning Pool  
  18  1:18  Drone  
  17  1:22  Drone  
  18  1:28  Drone  
  19  1:39  Overlord  
  19  2:08  Queen  
  19  2:09  Zergling x6  
  19  2:10  Queen  
  19  2:12  Zergling x2  
  27  2:20  Zergling x2  
  29  2:22  Zergling x2  
  29  2:28  Zergling x2  
  27  2:33  Zergling x2  
  21  2:43  Metabolic Boost  
  20  3:09  Drone x6  
  26  3:18  Zergling x2  
  26  3:19  Zergling x2  
  27  3:42  Baneling Nest  
  26  3:55  Zergling x12  
  29  4:04  Spine Crawler  
  26  4:19  Zergling x8  
  29  4:25  Baneling x2  
  29  4:36  Zergling x4  
  23  5:05  Drone x6  
  29  5:09  Baneling  
  29  5:13  Baneling  
  29  5:29  Baneling  
  29  5:31  Drone x2  
  31  5:39  Drone x2  
  33  5:44  Overlord  
  30  6:11  Drone  
  30  6:12  Drone x5  
  35  6:31  Drone x2  
  34  6:40  Zergling x2  
  34  6:41  Zergling x2  
  35  6:53  Zergling x4  
  35  7:01  Zergling x4  
  37  7:06  Overlord  
  37  7:07  Overlord, Zergling x2  
  37  7:08  Zergling x2  
  39  7:14  Zergling x2  
  40  7:16  Extractor  
  40  7:17  Extractor  
  40  7:21  Zergling x2  
  39  7:25  Zergling x2  
  33  7:45  Zergling x14  
  33  7:47  Baneling x3  
  33  7:50  Drone  
  41  7:52  Extractor  
  40  8:00  Drone  
  40  8:01  Drone x4  
  40  8:02  Baneling x2, Evolution Chamber  
  40  8:05  Hatchery  
  43  8:13  Drone x2  
  45  8:26  Lair  
  41  8:41  Overlord  
  41  8:47  Drone x8  
  41  8:48  Drone  
  48  8:53  Drone x2  
  50  9:17  Drone x2  
  52  9:18  Drone x3  
  52  9:20  Queen  
  56  9:26  Spire, Zergling x8  
  56  9:28  Zergling x2  
  56  9:30  Baneling x2  
  56  9:31  Baneling  
  60  9:38  Overlord  
  60  9:48  Zergling x14  
  64  9:54  Overlord  
  64  9:59  Overlord  
  64  10:13  Overlord  
  64  10:14  Drone  
  64  10:15  Drone x7  
  64  10:18  Overlord  
  64  10:19  Overlord  
  72  10:27  Baneling x8  
  69  10:43  Hatchery  
  67  10:50  Mutalisk x3, Zerg Flyer Weapons Level 1  
  70  11:05  Mutalisk x3  
  70  11:06  Mutalisk  
  70  11:09  Mutalisk  
  70  11:10  Mutalisk  
  82  11:14  Pneumatized Carapace  
  82  11:18  Overseer  
  82  11:24  Mutalisk  
  83  11:27  Overlord  
  83  11:28  Overlord  
  83  11:29  Drone  
  83  11:30  Drone  
  85  11:33  Baneling  
  85  11:34  Baneling  
  85  11:46  Overlord  
  85  11:47  Overlord  
  85  11:50  Drone x7  
  92  12:03  Overlord x2  
  92  12:09  Mutalisk  
  92  12:10  Mutalisk x2  
  98  12:18  Extractor x2, Drone x2  
  98  12:19  Drone x3  
  101  12:26  Centrifical Hooks  
  101  12:33  Drone x2  
  101  12:34  Drone x7  
  110  12:44  Zerg Flyer Armor Level 1  
  110  12:48  Hatchery  
  109  12:57  Evolution Chamber  
  108  12:58  Drone  
  108  12:59  Infestation Pit, Drone x5, Evolution Chamber  
  108  13:00  Drone  
  108  13:01  Drone  
  114  13:09  Spine Crawler  
  113  13:21  Zergling x8  
  113  13:22  Zergling x18  
  126  13:29  Baneling  
  126  13:30  Baneling x6  
  126  13:34  Zerg Ground Armor Level 1, Zerg Melee Weapons Level 1  
  126  13:44  Hive  
  126  13:56  Overseer  
  126  13:58  Overseer  
  124  14:22  Zergling x2  
  124  14:23  Zergling x50  
  121  14:45  Drone  
  121  14:46  Drone x12  
  121  14:48  Extractor, Spine Crawler  
  121  14:49  Spore Crawler  
  121  14:50  Spore Crawler, Extractor  
  121  14:52  Spine Crawler  
  128  14:53  Spore Crawler  
  128  14:54  Spine Crawler  
  128  14:55  Mutalisk  
  128  14:56  Mutalisk x3  
  134  15:04  Ultralisk Cavern  
  129  15:24  Zerg Flyer Weapons Level 2  
  129  15:31  Queen  
  129  15:32  Zerg Ground Armor Level 2, Zerg Melee Weapons Level 2  
  131  15:37  Overlord x2  
  131  15:51  Chitinous Plating  
  131  15:52  Ultralisk x4  
  155  15:57  Ultralisk  
  161  16:07  Spine Crawler  
  161  16:09  Spine Crawler  
  161  16:10  Drone x3  
  162  16:15  Ultralisk  
  168  16:44  Baneling  
  168  16:45  Baneling x22  
  168  16:46  Baneling x4, Mutalisk x2  
  168  16:47  Mutalisk  
  174  17:05  Zergling x2  
  173  17:22  Ultralisk x3  
  164  17:23  Zergling x28  
  134  17:45  Hydralisk Den, Ultralisk  
  134  17:46  Zergling x22, Ultralisk  
  134  17:47  Zergling x14  
  134  17:48  Zergling x2  
  140  18:14  Overseer x2  
  140  18:17  Baneling x5  
  140  18:18  Baneling  
  137  18:25  Zergling x36  
  112  18:52  Mutalisk  
  112  18:53  Mutalisk x6  
  120  19:00  Zergling x22  
  131  19:12  Overlord, Overseer  
  131  19:13  Overlord x2  
  131  19:18  Extractor  
  131  19:21  Extractor, Hatchery  
  131  19:22  Baneling x7  
  128  19:40  Drone x14  
Tags
 
Add a new tag
Caveats
  • Supply blocks, unpowered buildings, or Contaminate may cause inaccurate times.
  • Supply counts are checked every 10 seconds.